 Dungeon Crawl Stone Soup version 0.30-a0-371-gad7725a93e (webtiles) character file.

Game seed: 15007593179620786778

249 garrulousMonolith the Covered (level 6, 0/38 HPs)
             Began as a Gargoyle Fighter on Nov 21, 2022.
             Was an Initiate of Okawaru.
             Slain by an ogre
             ... wielding a +0 giant club
              (16 damage)
             ... on level 4 of the Dungeon.
             The game lasted 00:03:41 (2537 turns).

garrulousMonolith the Covered (Gargoyle Fighter)    Turns: 2537, Time: 00:03:42

Health: 0/38       AC: 16    Str: 25    XL:     6   Next: 12%
Magic:  7/7        EV:  7    Int:  9    God:    Okawaru [......]
Gold:   122        SH:  4    Dex: 11    Spells: 5/5 levels left

rFire   . . .      SeeInvis .    z - +0 morningstar
rCold   . . .      Faith    .    c - +0 buckler
rNeg    + . .      Spirit   .    u - +0 plate armour
rPois   ∞          Reflect  .    (no helmet)
rElec   +          Harm     .    (no cloak)
rCorr   .          Rampage  .    (no gloves)
Will    +....                    (no boots)
Stlth   ..........               (no amulet)
HPRegen 0.26/turn                l - +6 ring of strength
MPRegen 0.10/turn                n - ring of willpower

@: no status effects
A: sickness immunity, AC +4, negative energy resistance 1, electricity
resistance, torment resistance 1, petrification resistance
a: Renounce Religion


You were on level 4 of the Dungeon.
You worshipped Okawaru.
Okawaru was noncommittal.
You visited 1 branch of the dungeon, and saw 4 of its levels.

You collected 122 gold pieces.

Inventory:

Hand Weapons
 z - a +0 morningstar (weapon)
Missiles
 r - 2 curare-tipped darts (quivered)
 v - 2 boomerangs
Armour
 b - a +0 scale mail
 c - a +0 buckler (worn)
 u - a +0 plate armour (worn)
Jewellery
 l - a +6 ring of strength (left hand)
 n - a ring of willpower (right hand)
 s - a ring of willpower
 t - a ring of willpower
Wands
 g - a wand of mindburst (17)
 j - a wand of flame (38)
 x - a wand of roots (13)
Scrolls
 h - a scroll of identify
 k - a scroll of enchant armour {unknown}
 w - a scroll of enchant weapon {unknown}
 y - a scroll of torment {unknown}
Potions
 d - 2 potions of lignification
 e - 2 potions of curing {unknown}
 f - 2 potions of heal wounds {unknown}
 i - 2 potions of flight
 m - a potion of mutation {unknown}
 o - a potion of berserk rage {unknown}
 p - a potion of brilliance {unknown}
 q - a potion of haste {unknown}


   Skills:
 + Level 4.0 Fighting
 * Level 3.8 Maces & Flails
 + Level 4.0 Armour
 + Level 1.5 Dodging
 + Level 3.9 Shields
 + Level 2.2 Invocations


You had 5 spell levels left.
You didn't know any spells.
Your spell library contained the following spells:

 Spells                   Type           Power      Damage    Failure   Level
 Apportation              Tloc           0%         N/A       100%        1
 Alistair's Intoxication  Tmut/Pois      0%         N/A       100%        5


Dungeon Overview and Level Annotations

Branches:
Dungeon (4/15)
 Temple: D:4-7

Altars:
Dithmenos
Gozag
Hepliaklqana
Okawaru
Ru
Sif Muna
Trog
Vehumet


Innate Abilities, Weirdness & Mutations

You are immune to sickness and miasma.
Your stone body is resilient. (AC +4)
You are immune to poison.
You resist negative energy. (rN+)
You are resistant to electric shocks. (rElec)
You are resistant to unholy torment.
You are immune to petrification.


Message History

The orc shouts!
The endoplasm quivers.
The ball python bites you but does no damage.
The ball python constricts you.
An orc priest comes into view. It is wielding a +0 short sword.
The ball python bites you. The ball python constricts you.
The orc priest shouts!
You puncture the ball python!
You kill the ball python!
Okawaru accepts your kill.
You hear a shout!
A kobold comes into view. It is wielding a +0 dagger.
You sock the orc wizard!
The orc wizard is severely wounded.
You closely miss the orc wizard.
The orc wizard is severely wounded.
The ogre hits you with a +0 giant club!!
Ouch! That really hurt!
You block the orc wizard's attack.
You are too injured to fight recklessly!
You are too injured to fight recklessly!
You are too injured to fight recklessly!
You are too injured to fight recklessly!
You are too injured to fight recklessly!
You are too injured to fight recklessly!
You are too injured to fight recklessly!
You are too injured to fight recklessly!
You are too injured to fight recklessly!
You are too injured to fight recklessly!
You are too injured to fight recklessly!
You are too injured to fight recklessly!
Unknown command.
Okay, then.
Okay, then.
Okay, then.
The orc wizard casts a spell.
The orc wizard flickers and vanishes!
Deactivating autopickup; reactivate with Ctrl-A.
The ogre attacks as you move away! The ogre hits you with a +0 giant club!
You die...

##.######
######...†..<##
#.........#...##
###.####....#.†)..
...#...........##
#...#....#...###
####..###.......#
#.....# #.#._.#.# .
#..@..###.......#
##..#oO#.#.##...#...#
....KJ.{..##.........#
.....o.....##........#
......#.##.####.....##
.###.##.##.# #.....#
... #....# ####### ###
###..# #..#


You could see an ogre, an orc priest, an orc, an endoplasm and a kobold.

Vanquished Creatures
  Sigmund (D:2)
  An adder (D:3)
  A worm (D:2)
  A dart slug (D:3)
  An orc (D:3)
  6 endoplasms
  3 giant cockroaches
  13 goblins
  7 hobgoblins
  2 jackals (D:1)
  6 quokkas
  7 ball pythons
  6 bats
  4 frilled lizards
  6 kobolds
  8 rats
73 creatures vanquished.

Notes
Turn   | Place    | Note
-------+----------+-------------------------------------------
     0 | D:1      | garrulousMonolith the Gargoyle Fighter began the quest for
                  | the Orb.
     0 | D:1      | Reached XP level 1. HP: 14/14 MP: 1/1
   239 | D:1      | Reached XP level 2. HP: 13/19 MP: 2/2
   883 | D:1      | Reached XP level 3. HP: 23/23 MP: 3/3
  1082 | D:2      | Noticed Sigmund
  1161 | D:2      | Killed Sigmund
  1162 | D:2      | Reached skill level 1 in Dodging
  1162 | D:2      | Reached XP level 4. HP: 29/29 MP: 3/5
  1162 | D:2      | Reached XP level 5. HP: 33/33 MP: 3/6
  1601 | D:3      | Found a shadowy altar of Dithmenos.
  1663 | D:3      | Reached XP level 6. HP: 38/38 MP: 7/7
  1805 | D:3      | Found a hazy altar of Hepliaklqana.
  1812 | D:3      | Found a shimmering blue altar of Sif Muna.
  1815 | D:3      | Found a sacrificial altar of Ru.
  1815 | D:3      | Found an iron altar of Okawaru.
  1824 | D:3      | Found a bloodstained altar of Trog.
  1826 | D:3      | Became a worshipper of Warmaster Okawaru
  2137 | D:3      | Found an opulent altar of Gozag.
  2480 | D:4      | Found a radiant altar of Vehumet.
  2537 | D:4      | Slain by an ogre

Illustrated notes

Levels and vault maps discovered:
D:1:      dpeg_arrival_round_c, layout_loops_ring, serial_glass,
          glass_columns_a, glass_columns_c, dk_noncrumbling_2,
          minmay_tetromino_i2
D:2:      layout_rooms, kennysheep_nondescript, uniq_robin, uniq_sigmund
D:3:      layout_loops_corners, mainiacjoe_overflow_paths,
          nicolae_dithmenos_the_darkroom, nicolae_overflow_hallway_of_the_gods
D:4:      layout_loops_cross, vehumet_altar_wand_db, minmay_bent, uniq_natasha

Skill      XL: |  1  2  3  4  5  6 |
---------------+-------------------+-----
Maces & Flails | 3 |  3.8
Dodging        | 1 |  1.5
Invocations    | 2 |  2.2
Armour         | 4 |  4.0
Fighting       | 4 |  4.0
Shields        | |  3.9

Action                   |  1- 3 |  4- 6 || total
-------------------------+-------+-------++-------
Melee: Flail             |   107 |    85 ||   192
       Morningstar       |       |    24 ||    24
Throw: Dart              |     2 |       ||     2
  Use: Scroll            |     3 |     1 ||     4
       Potion            |     2 |       ||     2
Armor: Scale mail        |    89 |    43 ||   132
       Plate armour      |       |    23 ||    23
Dodge: Dodged            |    77 |    56 ||   133
Block: Buckler           |    36 |    26 ||    62

Table legend: (Time is in decaauts)
 A = Elapsed time spent in this place.
 B = Non-inter-level travel time spent in this place.
 C = Inter-level travel time spent in this place.
 D = Time resting spent in this place.
 E = Time spent auto-exploring this place.
 F = Levels seen in this place.
 G = Mean time per level.
                   A        B        C        D        E       F      G
               +--------+--------+--------+--------+--------+-----+--------+
         Total |   2600 |   2496 |    104 |     81 |   1852 |   4 |  650.0 |
       Dungeon |   2600 |   2496 |    104 |     81 |   1852 |   4 |  650.0 |
               +--------+--------+--------+--------+--------+-----+--------+

Top non-repeatable levels by time:
     D:1: 1103 daAuts
     D:3: 890 daAuts
     D:2: 545 daAuts
     D:4: 61 daAuts
